Arizona Coyotes vs Vancouver Canucks
Created - Sunday, November 5, 2023 at 06:25
Goals
|
| Arizona Coyotes |
1 |
0 |
0 |
1 |
| Vancouver Canucks |
1 |
0 |
1 |
2 |
|
Shots
|
| Arizona Coyotes |
13 |
5 |
16 |
34 |
| Vancouver Canucks |
8 |
12 |
9 |
29 |
|
1st period
1. Arizona Coyotes , Claude Giroux 36 (Mats Zuccarello 49) at 16:13
2. Vancouver Canucks , Clayton Keller 25 (Aleksander Barkov 27) at 16:17
Penalties :
No Penalty
2nd period
No Goal
Penalties :
Robby Fabbri (VAN) for Interference (Minor) at 1:32, Radko Gudas (AZC) for Holding (Minor) at 5:47, Charlie Coyle (AZC) for Tripping (Minor) at 11:07
3rd period
3. Vancouver Canucks , Casey Mittelstadt 8 (Artturi Lehkonen 24, Anton Lundell 12) at 14:47 (PP)
Penalties :
Radko Gudas (AZC) for High sticking (Minor) at 2:47, Noah Hanifin (VAN) for Tripping (Minor) at 6:08, T.J. Oshie (AZC) for Hooking (Minor) at 9:53, T.J. Oshie (AZC) for Roughing (Minor) at 14:03, Miro Heiskanen (VAN) for Holding (Minor) at 16:29
Goalie Stats
Carter Hart (AZC), 27 saves from 29 shots - (0.931), L, 23-17-2, 58:44 minutes
Joonas Korpisalo (VAN), 33 saves from 34 shots - (0.971), W, 22-10-3, 60:00 minutes
Players Stats for Arizona Coyotes
Player Name G A P +/- PIM S H SB GA TA FO MP PP MP PK MP
------------------------------------------------------------------------------------
Brandon Tanev 0 0 0 0 0 1 1 0 1 1 0/0 9:35 0:00 0:00
Brayden McNabb 0 0 0 0 0 0 0 2 0 3 0/0 25:49 2:31 4:32
Brock McGinn 0 0 0 0 0 0 0 0 0 0 0/1 8:32 0:00 0:00
Charlie Coyle 0 0 0 0 2 2 2 0 0 0 2/8 17:00 3:24 3:20
Claude Giroux 1 0 1 0 0 5 2 1 1 1 15/30 21:32 3:24 4:08
Dmitry Orlov 0 0 0 0 0 4 3 0 0 0 0/0 21:59 3:26 4:08
Erik Haula 0 0 0 0 0 1 3 0 1 1 0/0 13:48 2:33 0:00
Jakob Silfverberg 0 0 0 0 0 1 0 0 0 1 0/0 10:02 0:00 0:00
James van Riemsdyk 0 0 0 0 0 2 3 0 0 0 0/0 11:32 0:00 0:00
Jani Hakanpaa 0 0 0 0 0 1 1 5 1 2 0/0 25:49 2:31 4:32
Jared Spurgeon 0 0 0 0 0 3 0 0 0 1 0/0 21:59 3:26 4:08
Mason McTavish 0 0 0 0 0 1 0 0 0 0 1/5 10:24 0:00 0:33
Mats Zuccarello 0 1 1 0 0 9 2 0 1 0 2/2 21:10 3:24 4:12
Matt Dumba 0 0 0 0 0 0 2 1 0 0 0/0 12:12 0:00 0:00
Ondrej Palat 0 0 0 0 0 1 2 0 0 0 1/1 12:43 0:00 0:56
Radko Gudas 0 0 0 0 4 0 0 0 0 0 0/0 12:19 0:00 0:00
T.J. Oshie 0 0 0 0 4 3 1 1 1 0 0/2 16:36 2:33 0:00
Tyler Seguin 0 0 0 0 0 0 2 1 3 0 5/6 18:14 2:33 4:11
Players Stats for Vancouver Canucks
Player Name G A P +/- PIM S H SB GA TA FO MP PP MP PK MP
------------------------------------------------------------------------------------
Adam Boqvist 0 0 0 0 0 0 0 1 0 0 0/0 18:56 0:00 1:56
Aleksander Barkov 0 1 1 1 0 4 1 0 0 1 10/19 14:31 0:00 0:00
Anton Lundell 0 1 1 0 0 3 3 1 2 0 0/0 13:55 3:58 1:11
Artturi Lehkonen 0 1 1 0 0 1 1 0 2 1 0/0 16:35 3:58 0:00
Casey Mittelstadt 1 0 1 -1 0 5 1 0 1 1 2/2 15:29 3:58 2:14
Clayton Keller 1 0 1 1 0 2 0 0 3 1 1/2 19:23 4:42 0:00
Jacob Bryson 0 0 0 0 0 0 2 1 0 0 0/0 11:49 0:00 0:00
Jake Bean 0 0 0 0 0 0 0 2 0 2 0/0 22:24 4:56 2:28
Jesperi Kotkaniemi 0 0 0 -1 0 1 0 0 1 1 5/9 13:24 4:42 0:02
Kasperi Kapanen 0 0 0 0 0 3 0 1 0 0 0/0 12:18 0:00 0:00
Mikko Rantanen 0 0 0 1 0 2 3 0 0 0 1/4 21:16 4:42 1:24
Miro Heiskanen 0 0 0 0 2 3 1 2 0 0 0/0 26:44 4:56 1:36
Noah Cates 0 0 0 0 0 1 1 0 0 0 3/5 12:20 0:00 3:36
Noah Hanifin 0 0 0 0 2 3 1 2 0 1 0/0 21:49 3:44 2:26
Olli Maatta 0 0 0 0 0 0 1 3 0 0 0/0 19:23 3:44 3:28
Robby Fabbri 0 0 0 0 2 0 2 1 1 1 3/8 12:40 0:00 0:00
Sam Lafferty 0 0 0 0 0 0 2 0 0 0 4/6 12:57 0:00 3:27
Taylor Raddysh 0 0 0 -1 0 1 1 0 0 0 0/0 8:07 0:00 0:00
3 Stars
1 - Joonas Korpisalo (VAN)
2 - Clayton Keller (VAN)
3 - Claude Giroux (AZC)
Power Play
Arizona Coyotes - 0 on 3 Attempt(s) - 0.00%
Vancouver Canucks - 1 on 5 Attempt(s) - 20.00%
Penalty Kill
Arizona Coyotes - 4 on 5 Attempt(s) - 80.00%
- Score 0 goal in Penalty Kill
Vancouver Canucks - 3 on 3 Attempt(s) - 100.00%
- Score 0 goal in Penalty Kill
Team Stat
Arizona Coyotes - Hits : 24 - Faceoff Wins : 26 - Blocked Shots : 11 - Penalty Minutes : 10
Vancouver Canucks - Hits : 20 - Faceoff Wins : 29 - Blocked Shots : 14 - Penalty Minutes : 6
Official
Referees : Brad Meier and Dan O'Rourke
Linesman : Michel Cormier and Pierre Racicot
Game Notes
No Game Note
Finance
Level 1 -- Attendance: 4718 (78.63%) -- Ticket Income $467,082
Level 2 -- Attendance: 4202 (84.04%) -- Ticket Income $247,918
Level 3 -- Attendance: 2932 (97.73%) -- Ticket Income $99,688
Level 4 -- Attendance: 3814 (76.28%) -- Ticket Income $91,536
Luxury Box -- Attendance: 720 (72.00%) -- Ticket Income $143,280
Game was played at the Rogers Arena.
Total Attendance: 16386 (81.93%)
Total Ticket Income: $1,049,504
Other Income: $367,326
Total Income: $1,416,830
Arizona Coyotes
5 vs 5 Forward
Center Left Wing Right Wing Time % Phy DF OF
1 Claude Giroux Mats Zuccarello T.J. Oshie 35 1 1 3
2 Tyler Seguin Erik Haula James van Riemsdyk 30 1 1 3
3 Charlie Coyle Jakob Silfverberg Ondrej Palat 25 0 2 3
4 Mason McTavish Brandon Tanev Brock McGinn 10 1 2 2
5 vs 5 Defense
Defense Defense Time % Phy DF OF
1 Jani Hakanpaa Brayden McNabb 40 1 3 1
2 Dmitry Orlov Jared Spurgeon 35 1 3 1
3 Radko Gudas Matt Dumba 25 1 3 1
4 Jani Hakanpaa Brayden McNabb 0 1 3 1
PowerPlay Forward
Center Left Wing Right Wing Time % Phy DF OF
1 Claude Giroux Mats Zuccarello Charlie Coyle 60 1 1 3
2 Tyler Seguin Erik Haula T.J. Oshie 40 1 1 3
PowerPlay Defense
Defense Defense Time % Phy DF OF
1 Dmitry Orlov Jared Spurgeon 55 1 1 3
2 Jani Hakanpaa Brayden McNabb 45 1 1 3
Penalty Kill 4 Players Forward
Center Wing Time % Phy DF OF
1 Claude Giroux Mats Zuccarello 50 1 3 1
2 Charlie Coyle Tyler Seguin 50 1 3 1
Penalty Kill 4 Players Defense
Defense Defense Time % Phy DF OF
1 Brayden McNabb Jani Hakanpaa 51 2 3 0
2 Dmitry Orlov Jared Spurgeon 49 1 4 0
Penalty Kill - 3 Players Forward
Forward Time % Phy DF OF
1 Jakob Silfverberg 50 1 3 1
2 Erik Haula 50 1 3 1
Penalty Kill - 3 Players Defense
Defense Defense Time % Phy DF OF
1 Jani Hakanpaa Brayden McNabb 50 1 4 0
2 Matt Dumba Radko Gudas 50 1 4 0
4 vs 4 Forward
Center Wing Time % Phy DF OF
1 Claude Giroux Mats Zuccarello 50 1 1 3
2 Charlie Coyle Tyler Seguin 50 1 1 3
4 vs 4 Defense
Defense Defense Time % Phy DF OF
1 Dmitry Orlov Jared Spurgeon 50 1 3 1
2 Jani Hakanpaa Brayden McNabb 50 1 2 2
Last Minutes Offensive
Center Left Wing Right Wing Defense Defense
Claude Giroux Mats Zuccarello Charlie Coyle Dmitry Orlov Jared Spurgeon
Last Minutes Defensive
Center Left Wing Right Wing Defense Defense
Claude Giroux Mats Zuccarello Charlie Coyle Dmitry Orlov Jared Spurgeon
Goaltenders
Starting : Carter Hart
Backup : Elvis Merzlikins
Extra Forwards
Normal : James van Riemsdyk, Mason McTavish, Ondrej Palat - PP : James van Riemsdyk, Mason McTavish - PK : Ondrej Palat
Extra Defensemen
Normal : Radko Gudas, Matt Dumba, Jani Hakanpaa - PP : Radko Gudas - PK : Matt Dumba, Jani Hakanpaa
Penalty Shots
Claude Giroux, Mats Zuccarello, Charlie Coyle, Tyler Seguin, T.J. Oshie
Vancouver Canucks
5 vs 5 Forward
Center Left Wing Right Wing Time % Phy DF OF
1 Aleksander Barkov Clayton Keller Mikko Rantanen 40 0 2 3
2 Robby Fabbri Artturi Lehkonen Kasperi Kapanen 30 1 2 2
3 Jesperi Kotkaniemi Casey Mittelstadt Taylor Raddysh 20 1 2 2
4 Noah Cates Anton Lundell Sam Lafferty 10 1 2 2
5 vs 5 Defense
Defense Defense Time % Phy DF OF
1 Adam Boqvist Miro Heiskanen 40 1 2 2
2 Jake Bean Noah Hanifin 30 1 2 2
3 Jacob Bryson Olli Maatta 20 1 2 2
4 Noah Hanifin Miro Heiskanen 10 1 2 2
PowerPlay Forward
Center Left Wing Right Wing Time % Phy DF OF
1 Jesperi Kotkaniemi Clayton Keller Mikko Rantanen 60 0 1 4
2 Casey Mittelstadt Anton Lundell Artturi Lehkonen 40 0 1 4
PowerPlay Defense
Defense Defense Time % Phy DF OF
1 Miro Heiskanen Jake Bean 60 0 1 4
2 Noah Hanifin Olli Maatta 40 0 1 4
Penalty Kill 4 Players Forward
Center Wing Time % Phy DF OF
1 Sam Lafferty Noah Cates 60 1 3 1
2 Casey Mittelstadt Anton Lundell 40 1 3 1
Penalty Kill 4 Players Defense
Defense Defense Time % Phy DF OF
1 Noah Hanifin Olli Maatta 60 1 3 1
2 Miro Heiskanen Jake Bean 40 1 3 1
Penalty Kill - 3 Players Forward
Forward Time % Phy DF OF
1 Noah Cates 60 1 3 1
2 Sam Lafferty 40 1 3 1
Penalty Kill - 3 Players Defense
Defense Defense Time % Phy DF OF
1 Noah Hanifin Olli Maatta 60 1 3 1
2 Miro Heiskanen Jake Bean 40 1 3 1
4 vs 4 Forward
Center Wing Time % Phy DF OF
1 Clayton Keller Mikko Rantanen 60 1 2 2
2 Anton Lundell Artturi Lehkonen 40 1 2 2
4 vs 4 Defense
Defense Defense Time % Phy DF OF
1 Miro Heiskanen Noah Hanifin 60 1 2 2
2 Olli Maatta Jake Bean 40 1 2 2
Last Minutes Offensive
Center Left Wing Right Wing Defense Defense
Anton Lundell Clayton Keller Mikko Rantanen Miro Heiskanen Noah Hanifin
Last Minutes Defensive
Center Left Wing Right Wing Defense Defense
Sam Lafferty Noah Cates Artturi Lehkonen Noah Hanifin Olli Maatta
Goaltenders
Starting : Joonas Korpisalo
Backup : Ville Husso
Extra Forwards
Normal : Mikko Rantanen, Anton Lundell, Artturi Lehkonen - PP : Clayton Keller, Kasperi Kapanen - PK : Mikko Rantanen
Extra Defensemen
Normal : Miro Heiskanen, Noah Hanifin, Olli Maatta - PP : Jake Bean - PK : Noah Hanifin, Adam Boqvist
Penalty Shots
Miro Heiskanen, Anton Lundell, Jesperi Kotkaniemi, Artturi Lehkonen, Mikko Rantanen
% Time on Ice - Arizona Coyotes
Lines # - Real PCT - Wanted PCT - Time Play
Normal Forward
1 - 32% - 35% - 14:00
2 - 27% - 30% - 11:46
3 - 23% - 25% - 10:02
4 - 19% - 10% - 8:32
Normal Defense
1 - 39% - 40% - 17:21
2 - 36% - 35% - 15:45
3 - 25% - 25% - 11:14
4 - 0% - 0% - 0:00
PP Forward
1 - 57% - 60% - 3:24
2 - 43% - 40% - 2:33
PP Defense
1 - 58% - 55% - 3:26
2 - 42% - 45% - 2:31
PK Forward
1 - 49% - 50% - 4:14
2 - 51% - 50% - 4:26
PK Defense
1 - 52% - 51% - 4:32
2 - 48% - 49% - 4:08
PK3 Forward
1 - 0% - 50%
2 - 0% - 50%
PK3 Defense
1 - 0% - 50%
2 - 0% - 50%
44 Forward
1 - 0% - 50%
2 - 0% - 50%
44 Defense
1 - 0% - 50%
2 - 0% - 50%
Last Minute Offensive - 1:03
Last Minute Defensive - 0:00
Total
Forward - 60:00
Defense - 60:00
|
% Time on Ice - Vancouver Canucks
Lines # - Real PCT - Wanted PCT - Time Play
Normal Forward
1 - 35% - 40% - 15:33
2 - 29% - 30% - 12:59
3 - 18% - 20% - 8:07
4 - 17% - 10% - 7:42
Normal Defense
1 - 39% - 40% - 17:24
2 - 31% - 30% - 13:55
3 - 26% - 20% - 11:32
4 - 3% - 10% - 1:30
PP Forward
1 - 54% - 60% - 4:42
2 - 46% - 40% - 3:58
PP Defense
1 - 57% - 60% - 4:56
2 - 43% - 40% - 3:44
PK Forward
1 - 82% - 60% - 4:54
2 - 18% - 40% - 1:03
PK Defense
1 - 58% - 60% - 3:28
2 - 42% - 40% - 2:29
PK3 Forward
1 - 0% - 60%
2 - 0% - 40%
PK3 Defense
1 - 0% - 60%
2 - 0% - 40%
44 Forward
1 - 0% - 60%
2 - 0% - 40%
44 Defense
1 - 0% - 60%
2 - 0% - 40%
Last Minute Offensive - 0:00
Last Minute Defensive - 1:02
Total
Forward - 60:00
Defense - 60:00
|
Play-by-Play
1st period
0:01 of 1st period - Aleksander Barkov wins face-off versus Claude Giroux in neutral zone.
0:03 of 1st period - Off-side.
0:04 of 1st period - Claude Giroux wins face-off versus Mikko Rantanen in neutral zone.
0:09 of 1st period - Snap shot by Claude Giroux.
0:09 of 1st period - Stopped by Joonas Korpisalo without a rebound.
0:10 of 1st period - Claude Giroux wins face-off versus Aleksander Barkov in Vancouver Canucks zone.
0:31 of 1st period - Wrist shot by Mats Zuccarello.
0:31 of 1st period - Stopped by Joonas Korpisalo without a rebound.
0:32 of 1st period - Tyler Seguin wins face-off versus Robby Fabbri in Vancouver Canucks zone.
0:39 of 1st period - Snap shot by James van Riemsdyk.
0:39 of 1st period - Shot Misses the Net.
0:59 of 1st period - Casey Mittelstadt is hit by Dmitry Orlov and loses puck.
2:38 of 1st period - Brandon Tanev is hit by Sam Lafferty and loses puck.
3:07 of 1st period - Dmitry Orlov is hit by Aleksander Barkov and loses puck.
3:22 of 1st period - Wrist shot by Charlie Coyle.
3:22 of 1st period - Shot Misses the Net.
4:35 of 1st period - Anton Lundell is hit by T.J. Oshie and loses puck.
4:52 of 1st period - Kasperi Kapanen is hit by James van Riemsdyk and loses puck.
4:57 of 1st period - Wrist shot by Tyler Seguin.
4:57 of 1st period - Deflect By James van Riemsdyk.
4:57 of 1st period - Stopped by Joonas Korpisalo with a rebound.
4:59 of 1st period - Wrist shot by Erik Haula.
4:59 of 1st period - Stopped by Joonas Korpisalo with a rebound.
5:34 of 1st period - Matt Dumba is hit by Noah Cates.
6:14 of 1st period - Snap shot by Anton Lundell.
6:14 of 1st period - Stopped by Carter Hart with a rebound.
6:20 of 1st period - Jacob Bryson is hit by Brandon Tanev and loses puck.
6:38 of 1st period - Snap shot by Aleksander Barkov.
6:38 of 1st period - Deflect By Charlie Coyle.
6:38 of 1st period - Stopped by Carter Hart with a rebound.
7:02 of 1st period - Slapshot by Mats Zuccarello.
7:02 of 1st period - Deflect By Claude Giroux.
7:02 of 1st period - Shot Misses the Net.
7:02 of 1st period - Puck is out of play.
7:03 of 1st period - Aleksander Barkov wins face-off versus Tyler Seguin in Vancouver Canucks zone.
7:03 of 1st period - Aleksander Barkov is hit by James van Riemsdyk.
7:17 of 1st period - Wrist shot by James van Riemsdyk.
7:17 of 1st period - Shot Misses the Net.
7:19 of 1st period - Slapshot by Dmitry Orlov.
7:19 of 1st period - Stopped by Joonas Korpisalo without a rebound.
7:20 of 1st period - Robby Fabbri wins face-off versus Claude Giroux in Vancouver Canucks zone.
7:25 of 1st period - Snap shot by Mats Zuccarello.
7:25 of 1st period - Shot Misses the Net.
7:57 of 1st period - Snap shot by Mikko Rantanen.
7:57 of 1st period - Shot Blocked by Tyler Seguin.
7:59 of 1st period - Wrist shot by Noah Hanifin.
7:59 of 1st period - Stopped by Carter Hart with a rebound.
8:19 of 1st period - Snap shot by Casey Mittelstadt.
8:19 of 1st period - Stopped by Carter Hart with a rebound.
8:21 of 1st period - Wrist shot by Casey Mittelstadt.
8:21 of 1st period - Deflect By Taylor Raddysh.
8:21 of 1st period - Stopped by Carter Hart with a rebound.
8:38 of 1st period - Slapshot by Sam Lafferty.
8:38 of 1st period - Shot Misses the Net.
8:40 of 1st period - Slapshot by Noah Cates.
8:40 of 1st period - Shot Misses the Net.
8:56 of 1st period - Claude Giroux is hit by Robby Fabbri and loses puck.
9:14 of 1st period - Snap shot by Charlie Coyle.
9:14 of 1st period - Shot Misses the Net.
9:16 of 1st period - Snap shot by Jakob Silfverberg.
9:16 of 1st period - Shot Blocked by Kasperi Kapanen.
10:59 of 1st period - Wrist shot by Artturi Lehkonen.
10:59 of 1st period - Shot Blocked by Jani Hakanpaa.
11:06 of 1st period - Off-side.
11:07 of 1st period - Claude Giroux wins face-off versus Mikko Rantanen in neutral zone.
11:18 of 1st period - Wrist shot by Mats Zuccarello.
11:18 of 1st period - Stopped by Joonas Korpisalo with a rebound.
11:20 of 1st period - Slapshot by Dmitry Orlov.
11:20 of 1st period - Deflect By Mikko Rantanen.
11:20 of 1st period - Stopped by Joonas Korpisalo with a rebound.
11:22 of 1st period - Backhand shot by T.J. Oshie.
11:22 of 1st period - Stopped by Joonas Korpisalo without a rebound.
11:23 of 1st period - Jesperi Kotkaniemi wins face-off versus Charlie Coyle in Vancouver Canucks zone.
11:49 of 1st period - Mikko Rantanen is hit by Dmitry Orlov and loses puck.
12:56 of 1st period - Snap shot by Claude Giroux.
12:56 of 1st period - Shot Misses the Net.
12:58 of 1st period - Slapshot by Radko Gudas.
12:58 of 1st period - Deflect By Mats Zuccarello.
12:58 of 1st period - Shot Blocked by Miro Heiskanen.
12:58 of 1st period - Puck is out of play.
12:59 of 1st period - Noah Cates wins face-off versus Claude Giroux in Vancouver Canucks zone.
13:06 of 1st period - Mats Zuccarello is hit by Anton Lundell and loses puck.
13:53 of 1st period - Snap shot by Tyler Seguin.
13:53 of 1st period - Shot Misses the Net.
13:55 of 1st period - Slapshot by Radko Gudas.
13:55 of 1st period - Shot Misses the Net.
14:27 of 1st period - Slapshot by Mats Zuccarello.
14:27 of 1st period - Stopped by Joonas Korpisalo with a rebound.
15:33 of 1st period - Kasperi Kapanen is hit by Charlie Coyle and loses puck.
15:42 of 1st period - Jared Spurgeon is hit by Jacob Bryson and loses puck.
16:01 of 1st period - Snap shot by Mats Zuccarello.
16:01 of 1st period - Stopped by Joonas Korpisalo without a rebound.
16:02 of 1st period - Claude Giroux wins face-off versus Jesperi Kotkaniemi in Vancouver Canucks zone.
16:11 of 1st period - Slapshot by Claude Giroux.
16:11 of 1st period - Stopped by Joonas Korpisalo with a rebound.
16:13 of 1st period - Snap shot by Claude Giroux.
16:13 of 1st period - Goal by Claude Giroux - Arizona Coyotes : 1 - Vancouver Canucks : 0.
16:14 of 1st period - Aleksander Barkov wins face-off versus Claude Giroux in neutral zone.
16:17 of 1st period - Snap shot by Clayton Keller.
16:17 of 1st period - Goal by Clayton Keller - Arizona Coyotes : 1 - Vancouver Canucks : 1.
16:18 of 1st period - Mats Zuccarello wins face-off versus Aleksander Barkov in neutral zone.
16:25 of 1st period - Wrist shot by Aleksander Barkov.
16:25 of 1st period - Stopped by Carter Hart without a rebound.
16:26 of 1st period - Aleksander Barkov wins face-off versus Claude Giroux in Arizona Coyotes zone.
16:33 of 1st period - Slapshot by Mikko Rantanen.
16:33 of 1st period - Stopped by Carter Hart without a rebound.
16:34 of 1st period - Aleksander Barkov wins face-off versus Claude Giroux in Arizona Coyotes zone.
17:25 of 1st period - Jared Spurgeon is hit by Robby Fabbri.
19:45 of 1st period - Slapshot by Mats Zuccarello.
19:45 of 1st period - Deflect By Jesperi Kotkaniemi.
19:45 of 1st period - Stopped by Joonas Korpisalo with a rebound.
19:57 of 1st period - Matt Dumba is hit by Sam Lafferty and loses puck.
Goals for this period are 1 for Arizona Coyotes vs 1 for Vancouver Canucks.
Shots for this period are 13 for Arizona Coyotes vs 8 for Vancouver Canucks.
2nd period
0:01 of 2nd period - Aleksander Barkov wins face-off versus Claude Giroux in neutral zone.
0:15 of 2nd period - Off-side.
0:16 of 2nd period - Tyler Seguin wins face-off versus Robby Fabbri in neutral zone.
0:19 of 2nd period - Robby Fabbri is hit by Erik Haula and loses puck.
0:43 of 2nd period - Claude Giroux is hit by Mikko Rantanen and loses puck.
1:10 of 2nd period - Slapshot by Miro Heiskanen.
1:10 of 2nd period - Stopped by Carter Hart without a rebound.
1:11 of 2nd period - Tyler Seguin wins face-off versus Robby Fabbri in Arizona Coyotes zone.
1:22 of 2nd period - Slapshot by Tyler Seguin.
1:22 of 2nd period - Shot Blocked by Robby Fabbri.
1:24 of 2nd period - Wrist shot by Erik Haula.
1:24 of 2nd period - Shot Blocked by Noah Hanifin.
1:32 of 2nd period - Minor Penalty to Robby Fabbri for Interference.
1:33 of 2nd period - Sam Lafferty wins face-off versus Claude Giroux in Vancouver Canucks zone.
1:44 of 2nd period - Slapshot by Claude Giroux.
1:44 of 2nd period - Deflect By Mats Zuccarello.
1:44 of 2nd period - Shot Blocked by Olli Maatta.
1:44 of 2nd period - Puck is out of play.
1:45 of 2nd period - Sam Lafferty wins face-off versus Claude Giroux in Vancouver Canucks zone.
2:36 of 2nd period - Wrist shot by Casey Mittelstadt.
2:36 of 2nd period - Stopped by Carter Hart with a rebound.
2:38 of 2nd period - Snap shot by Anton Lundell.
2:38 of 2nd period - Shot Blocked by Brayden McNabb.
3:32 of 2nd period - Penalty to Robby Fabbri is over, Robby Fabbri is back on ice.
4:00 of 2nd period - Miro Heiskanen is hit by Matt Dumba and loses puck.
4:15 of 2nd period - Wrist shot by Kasperi Kapanen.
4:15 of 2nd period - Stopped by Carter Hart with a rebound.
4:17 of 2nd period - Slapshot by Miro Heiskanen.
4:17 of 2nd period - Stopped by Carter Hart without a rebound.
4:18 of 2nd period - Mason McTavish wins face-off versus Robby Fabbri in Arizona Coyotes zone.
4:58 of 2nd period - Snap shot by Noah Cates.
4:58 of 2nd period - Shot Blocked by T.J. Oshie.
5:00 of 2nd period - Wrist shot by Noah Hanifin.
5:00 of 2nd period - Deflect By Claude Giroux.
5:00 of 2nd period - Stopped by Carter Hart with a rebound.
5:02 of 2nd period - Slapshot by Sam Lafferty.
5:02 of 2nd period - Deflect By Anton Lundell.
5:02 of 2nd period - Stopped by Carter Hart without a rebound.
5:03 of 2nd period - Tyler Seguin wins face-off versus Noah Cates in Arizona Coyotes zone.
5:10 of 2nd period - Snap shot by Noah Cates.
5:10 of 2nd period - Shot Misses the Net.
5:47 of 2nd period - Minor Penalty to Radko Gudas for Holding.
5:48 of 2nd period - Clayton Keller wins face-off versus Claude Giroux in Arizona Coyotes zone.
7:05 of 2nd period - Icing by Miro Heiskanen.
7:06 of 2nd period - Casey Mittelstadt wins face-off versus Charlie Coyle in Vancouver Canucks zone.
7:39 of 2nd period - Dmitry Orlov is hit by Noah Hanifin and loses puck.
7:47 of 2nd period - Penalty to Radko Gudas is over, Radko Gudas is back on ice.
8:02 of 2nd period - Artturi Lehkonen is hit by Tyler Seguin and loses puck.
8:21 of 2nd period - Wrist shot by Noah Cates.
8:21 of 2nd period - Stopped by Carter Hart without a rebound.
8:22 of 2nd period - Charlie Coyle wins face-off versus Noah Cates in Arizona Coyotes zone.
8:33 of 2nd period - Snap shot by Ondrej Palat.
8:33 of 2nd period - Shot Misses the Net.
8:35 of 2nd period - Slapshot by Jani Hakanpaa.
8:35 of 2nd period - Deflect By Charlie Coyle.
8:35 of 2nd period - Shot Blocked by Anton Lundell.
8:35 of 2nd period - Puck is out of play.
8:36 of 2nd period - Claude Giroux wins face-off versus Aleksander Barkov in Vancouver Canucks zone.
8:39 of 2nd period - Snap shot by Mats Zuccarello.
8:39 of 2nd period - Shot Blocked by Miro Heiskanen.
9:03 of 2nd period - Taylor Raddysh is hit by Erik Haula and loses puck.
9:30 of 2nd period - Adam Boqvist is hit by Ondrej Palat and loses puck.
9:46 of 2nd period - Off-side.
9:47 of 2nd period - Robby Fabbri wins face-off versus Mason McTavish in neutral zone.
9:56 of 2nd period - Wrist shot by Kasperi Kapanen.
9:56 of 2nd period - Stopped by Carter Hart without a rebound.
9:57 of 2nd period - Claude Giroux wins face-off versus Aleksander Barkov in Arizona Coyotes zone.
10:08 of 2nd period - Snap shot by Mikko Rantanen.
10:08 of 2nd period - Shot Blocked by Jani Hakanpaa.
11:07 of 2nd period - Minor Penalty to Charlie Coyle for Tripping.
11:08 of 2nd period - Ondrej Palat wins face-off versus Jesperi Kotkaniemi in Arizona Coyotes zone.
11:25 of 2nd period - Snap shot by Mikko Rantanen.
11:25 of 2nd period - Shot Blocked by Claude Giroux.
11:35 of 2nd period - Jake Bean is hit by Ondrej Palat and loses puck.
11:44 of 2nd period - Wrist shot by Ondrej Palat.
11:44 of 2nd period - Shot Blocked by Jake Bean.
11:46 of 2nd period - Slapshot by Jared Spurgeon.
11:46 of 2nd period - Stopped by Joonas Korpisalo with a rebound.
13:02 of 2nd period - Artturi Lehkonen is hit by Dmitry Orlov and loses puck.
13:07 of 2nd period - Penalty to Charlie Coyle is over, Charlie Coyle is back on ice.
13:38 of 2nd period - Miro Heiskanen is hit by James van Riemsdyk and loses puck.
14:09 of 2nd period - Snap shot by Brandon Tanev.
14:09 of 2nd period - Stopped by Joonas Korpisalo with a rebound.
14:21 of 2nd period - Claude Giroux is hit by Anton Lundell and loses puck.
14:42 of 2nd period - Jake Bean is hit by Jani Hakanpaa and loses puck.
14:59 of 2nd period - Snap shot by Tyler Seguin.
14:59 of 2nd period - Shot Misses the Net.
15:01 of 2nd period - Wrist shot by Erik Haula.
15:01 of 2nd period - Shot Misses the Net.
15:11 of 2nd period - Snap shot by Mats Zuccarello.
15:11 of 2nd period - Deflect By T.J. Oshie.
15:11 of 2nd period - Stopped by Joonas Korpisalo with a rebound.
15:23 of 2nd period - Brayden McNabb is hit by Taylor Raddysh and loses puck.
16:09 of 2nd period - Snap shot by Casey Mittelstadt.
16:09 of 2nd period - Stopped by Carter Hart with a rebound.
16:20 of 2nd period - Noah Hanifin is hit by Claude Giroux and loses puck.
16:36 of 2nd period - Dmitry Orlov is hit by Anton Lundell and loses puck.
17:27 of 2nd period - Wrist shot by Artturi Lehkonen.
17:27 of 2nd period - Stopped by Carter Hart without a rebound.
17:28 of 2nd period - Robby Fabbri wins face-off versus T.J. Oshie in Arizona Coyotes zone.
18:22 of 2nd period - Snap shot by Ondrej Palat.
18:22 of 2nd period - Stopped by Joonas Korpisalo with a rebound.
18:24 of 2nd period - Slapshot by Jared Spurgeon.
18:24 of 2nd period - Stopped by Joonas Korpisalo with a rebound.
18:26 of 2nd period - Slapshot by Jared Spurgeon.
18:26 of 2nd period - Shot Blocked by Jacob Bryson.
18:36 of 2nd period - Olli Maatta is hit by Mats Zuccarello and loses puck.
19:01 of 2nd period - Snap shot by Aleksander Barkov.
19:01 of 2nd period - Stopped by Carter Hart with a rebound.
19:03 of 2nd period - Wrist shot by Aleksander Barkov.
19:03 of 2nd period - Stopped by Carter Hart with a rebound.
19:05 of 2nd period - Slapshot by Clayton Keller.
19:05 of 2nd period - Shot Misses the Net.
19:51 of 2nd period - Noah Cates is hit by Tyler Seguin and loses puck.
Goals for this period are 0 for Arizona Coyotes vs 0 for Vancouver Canucks.
Shots for this period are 5 for Arizona Coyotes vs 12 for Vancouver Canucks.
3rd period
0:01 of 3rd period - Claude Giroux wins face-off versus Aleksander Barkov in neutral zone.
0:26 of 3rd period - Kasperi Kapanen is hit by Erik Haula and loses puck.
1:02 of 3rd period - Icing by Jakob Silfverberg.
1:03 of 3rd period - Noah Cates wins face-off versus Brock McGinn in Arizona Coyotes zone.
1:06 of 3rd period - Snap shot by Anton Lundell.
1:06 of 3rd period - Stopped by Carter Hart with a rebound.
1:50 of 3rd period - Matt Dumba is hit by Olli Maatta and loses puck.
1:59 of 3rd period - Snap shot by James van Riemsdyk.
1:59 of 3rd period - Stopped by Joonas Korpisalo without a rebound.
2:00 of 3rd period - Claude Giroux wins face-off versus Robby Fabbri in Vancouver Canucks zone.
2:09 of 3rd period - Slapshot by Claude Giroux.
2:09 of 3rd period - Stopped by Joonas Korpisalo with a rebound.
2:25 of 3rd period - James van Riemsdyk is hit by Mikko Rantanen and loses puck.
2:36 of 3rd period - Wrist shot by Aleksander Barkov.
2:36 of 3rd period - Deflect By James van Riemsdyk.
2:36 of 3rd period - Shot Blocked by Matt Dumba.
2:36 of 3rd period - Puck is out of play.
2:37 of 3rd period - Aleksander Barkov wins face-off versus Claude Giroux in Arizona Coyotes zone.
2:47 of 3rd period - Minor Penalty to Radko Gudas for High sticking.
2:48 of 3rd period - Mats Zuccarello wins face-off versus Jesperi Kotkaniemi in Arizona Coyotes zone.
4:26 of 3rd period - Miro Heiskanen is hit by Charlie Coyle and loses puck.
4:47 of 3rd period - Penalty to Radko Gudas is over, Radko Gudas is back on ice.
4:53 of 3rd period - Radko Gudas is hit by Miro Heiskanen and loses puck.
5:29 of 3rd period - Snap shot by Mason McTavish.
5:29 of 3rd period - Shot Misses the Net.
5:39 of 3rd period - Erik Haula is hit by Jacob Bryson and loses puck.
5:54 of 3rd period - Charlie Coyle is hit by Artturi Lehkonen and loses puck.
6:08 of 3rd period - Minor Penalty to Noah Hanifin for Tripping.
6:09 of 3rd period - Sam Lafferty wins face-off versus T.J. Oshie in Vancouver Canucks zone.
7:01 of 3rd period - Off-side.
7:02 of 3rd period - Tyler Seguin wins face-off versus Mikko Rantanen in neutral zone.
7:11 of 3rd period - Snap shot by Erik Haula.
7:11 of 3rd period - Shot Blocked by Olli Maatta.
8:08 of 3rd period - Penalty to Noah Hanifin is over, Noah Hanifin is back on ice.
8:42 of 3rd period - Slapshot by Miro Heiskanen.
8:42 of 3rd period - Deflect By Brandon Tanev.
8:42 of 3rd period - Stopped by Carter Hart with a rebound.
8:45 of 3rd period - Icing by Brayden McNabb.
8:46 of 3rd period - Aleksander Barkov wins face-off versus Mason McTavish in Arizona Coyotes zone.
9:05 of 3rd period - Brandon Tanev is hit by Mikko Rantanen and loses puck.
9:23 of 3rd period - Snap shot by Jakob Silfverberg.
9:23 of 3rd period - Shot Blocked by Adam Boqvist.
9:25 of 3rd period - Slapshot by Jani Hakanpaa.
9:25 of 3rd period - Deflect By Artturi Lehkonen.
9:25 of 3rd period - Stopped by Joonas Korpisalo with a rebound.
9:27 of 3rd period - Snap shot by Jakob Silfverberg.
9:27 of 3rd period - Stopped by Joonas Korpisalo without a rebound.
9:28 of 3rd period - Claude Giroux wins face-off versus Clayton Keller in Vancouver Canucks zone.
9:29 of 3rd period - Snap shot by Mats Zuccarello.
9:29 of 3rd period - Stopped by Joonas Korpisalo without a rebound.
9:30 of 3rd period - Claude Giroux wins face-off versus Aleksander Barkov in Vancouver Canucks zone.
9:45 of 3rd period - Snap shot by Mikko Rantanen.
9:45 of 3rd period - Stopped by Carter Hart with a rebound.
9:47 of 3rd period - Wrist shot by Noah Hanifin.
9:47 of 3rd period - Stopped by Carter Hart with a rebound.
9:53 of 3rd period - Minor Penalty to T.J. Oshie for Hooking.
9:54 of 3rd period - Jesperi Kotkaniemi wins face-off versus Claude Giroux in Arizona Coyotes zone.
10:03 of 3rd period - Snap shot by Clayton Keller.
10:03 of 3rd period - Stopped by Carter Hart with a rebound.
10:05 of 3rd period - Wrist shot by Jesperi Kotkaniemi.
10:05 of 3rd period - Stopped by Carter Hart without a rebound.
10:06 of 3rd period - Jesperi Kotkaniemi wins face-off versus Charlie Coyle in Arizona Coyotes zone.
10:30 of 3rd period - Casey Mittelstadt is hit by Mats Zuccarello and loses puck.
10:49 of 3rd period - Slapshot by Casey Mittelstadt.
10:49 of 3rd period - Stopped by Carter Hart without a rebound.
10:50 of 3rd period - Casey Mittelstadt wins face-off versus Charlie Coyle in Arizona Coyotes zone.
11:03 of 3rd period - Wrist shot by Casey Mittelstadt.
11:03 of 3rd period - Shot Blocked by Jani Hakanpaa.
11:19 of 3rd period - Wrist shot by Claude Giroux.
11:19 of 3rd period - Deflect By Mats Zuccarello.
11:19 of 3rd period - Stopped by Joonas Korpisalo with a rebound.
11:21 of 3rd period - Slapshot by Jared Spurgeon.
11:21 of 3rd period - Shot Blocked by Olli Maatta.
11:23 of 3rd period - Slapshot by Dmitry Orlov.
11:23 of 3rd period - Stopped by Joonas Korpisalo with a rebound.
11:53 of 3rd period - Penalty to T.J. Oshie is over, T.J. Oshie is back on ice.
11:58 of 3rd period - Snap shot by Kasperi Kapanen.
11:58 of 3rd period - Shot Blocked by Jani Hakanpaa.
12:00 of 3rd period - Slapshot by Artturi Lehkonen.
12:00 of 3rd period - Shot Blocked by Jani Hakanpaa.
12:02 of 3rd period - Slapshot by Kasperi Kapanen.
12:02 of 3rd period - Stopped by Carter Hart with a rebound.
12:09 of 3rd period - Icing by Brayden McNabb.
12:10 of 3rd period - Noah Cates wins face-off versus Mason McTavish in Arizona Coyotes zone.
13:28 of 3rd period - Snap shot by Charlie Coyle.
13:28 of 3rd period - Shot Misses the Net.
13:30 of 3rd period - Slapshot by Jared Spurgeon.
13:30 of 3rd period - Shot Misses the Net.
13:32 of 3rd period - Slapshot by Charlie Coyle.
13:32 of 3rd period - Shot Misses the Net.
13:34 of 3rd period - Slapshot by Jared Spurgeon.
13:34 of 3rd period - Stopped by Joonas Korpisalo without a rebound.
13:35 of 3rd period - Claude Giroux wins face-off versus Aleksander Barkov in Vancouver Canucks zone.
13:40 of 3rd period - Snap shot by Mats Zuccarello.
13:40 of 3rd period - Deflect By Jake Bean.
13:40 of 3rd period - Shot Misses the Net.
13:40 of 3rd period - Puck is out of play.
13:41 of 3rd period - Aleksander Barkov wins face-off versus Claude Giroux in Vancouver Canucks zone.
13:41 of 3rd period - Aleksander Barkov is hit by Matt Dumba.
14:03 of 3rd period - Minor Penalty to T.J. Oshie for Roughing.
14:04 of 3rd period - Jesperi Kotkaniemi wins face-off versus Charlie Coyle in Arizona Coyotes zone.
14:17 of 3rd period - Wrist shot by Clayton Keller.
14:17 of 3rd period - Shot Blocked by Brayden McNabb.
14:47 of 3rd period - Snap shot by Casey Mittelstadt.
14:47 of 3rd period - Goal by Casey Mittelstadt - Arizona Coyotes : 1 - Vancouver Canucks : 2.
14:48 of 3rd period - Claude Giroux wins face-off versus Aleksander Barkov in neutral zone.
14:55 of 3rd period - Wrist shot by T.J. Oshie.
14:55 of 3rd period - Shot Misses the Net.
14:57 of 3rd period - Slapshot by Claude Giroux.
14:57 of 3rd period - Stopped by Joonas Korpisalo without a rebound.
14:58 of 3rd period - Claude Giroux wins face-off versus Aleksander Barkov in Vancouver Canucks zone.
15:11 of 3rd period - Wrist shot by T.J. Oshie.
15:11 of 3rd period - Stopped by Joonas Korpisalo with a rebound.
15:13 of 3rd period - Snap shot by T.J. Oshie.
15:13 of 3rd period - Shot Misses the Net.
15:15 of 3rd period - Wrist shot by Brayden McNabb.
15:15 of 3rd period - Deflect By Mats Zuccarello.
15:15 of 3rd period - Shot Misses the Net.
15:15 of 3rd period - Puck is out of play.
15:16 of 3rd period - Charlie Coyle wins face-off versus Jesperi Kotkaniemi in Vancouver Canucks zone.
15:23 of 3rd period - Wrist shot by Ondrej Palat.
15:23 of 3rd period - Shot Misses the Net.
15:32 of 3rd period - Off-side.
15:33 of 3rd period - Aleksander Barkov wins face-off versus Claude Giroux in neutral zone.
15:46 of 3rd period - Wrist shot by Mats Zuccarello.
15:46 of 3rd period - Stopped by Joonas Korpisalo with a rebound.
15:48 of 3rd period - Wrist shot by Jani Hakanpaa.
15:48 of 3rd period - Shot Misses the Net.
15:50 of 3rd period - Snap shot by Mats Zuccarello.
15:50 of 3rd period - Stopped by Joonas Korpisalo without a rebound.
15:51 of 3rd period - Jesperi Kotkaniemi wins face-off versus Charlie Coyle in Vancouver Canucks zone.
16:02 of 3rd period - Snap shot by Ondrej Palat.
16:02 of 3rd period - Deflect By Charlie Coyle.
16:02 of 3rd period - Stopped by Joonas Korpisalo with a rebound.
16:04 of 3rd period - Slapshot by Jani Hakanpaa.
16:04 of 3rd period - Shot Misses the Net.
16:06 of 3rd period - Snap shot by Jani Hakanpaa.
16:06 of 3rd period - Deflect By Charlie Coyle.
16:06 of 3rd period - Stopped by Joonas Korpisalo without a rebound.
16:07 of 3rd period - Mikko Rantanen wins face-off versus Claude Giroux in Vancouver Canucks zone.
16:22 of 3rd period - Aleksander Barkov is hit by Claude Giroux and loses puck.
16:29 of 3rd period - Minor Penalty to Miro Heiskanen for Holding.
16:30 of 3rd period - Claude Giroux wins face-off versus Sam Lafferty in Vancouver Canucks zone.
16:39 of 3rd period - Snap shot by Charlie Coyle.
16:39 of 3rd period - Shot Misses the Net.
16:41 of 3rd period - Slapshot by Dmitry Orlov.
16:41 of 3rd period - Stopped by Joonas Korpisalo without a rebound.
16:42 of 3rd period - Claude Giroux wins face-off versus Sam Lafferty in Vancouver Canucks zone.
16:45 of 3rd period - Wrist shot by Claude Giroux.
16:45 of 3rd period - Shot Misses the Net.
18:19 of 3rd period - Charlie Coyle is hit by Casey Mittelstadt and loses puck.
18:29 of 3rd period - Penalty to Miro Heiskanen is over, Miro Heiskanen is back on ice.
18:44 of 3rd period - Arizona Coyotes, Carter Hart is pulled from the net.
18:44 of 3rd period - Snap shot by Ondrej Palat.
18:44 of 3rd period - Shot Misses the Net.
18:50 of 3rd period - Snap shot by James van Riemsdyk.
18:50 of 3rd period - Shot Blocked by Jake Bean.
19:03 of 3rd period - Wrist shot by Artturi Lehkonen.
19:03 of 3rd period - Shot Misses the Net.
19:42 of 3rd period - Wrist shot by Ondrej Palat.
19:42 of 3rd period - Shot Blocked by Noah Hanifin.
19:48 of 3rd period - Wrist shot by Ondrej Palat.
19:48 of 3rd period - Shot Misses the Net.
19:50 of 3rd period - Slapshot by Radko Gudas.
19:50 of 3rd period - Shot Misses the Net.
19:52 of 3rd period - Wrist shot by Matt Dumba.
19:52 of 3rd period - Shot Misses the Net.
19:54 of 3rd period - Slapshot by Mason McTavish.
19:54 of 3rd period - Stopped by Joonas Korpisalo without a rebound.
19:55 of 3rd period - Rob Brind'Amour call a timeout for Arizona Coyotes.
19:55 of 3rd period - Sam Lafferty wins face-off versus Mason McTavish in Vancouver Canucks zone.
Goals for this period are 0 for Arizona Coyotes vs 1 for Vancouver Canucks.
Shots for this period are 16 for Arizona Coyotes vs 9 for Vancouver Canucks.
Back to the Top